 Dungeon Crawl Stone Soup version 0.31-a0-844-gdc52ec4e09 (webtiles) character file.

Game seed: 5697132489008854696

366 Kurtz the Chopper (level 6, -7/42 HPs)
             Began as an Octopode Fighter on Oct 1, 2023.
             Mangled by a wyvern zombie (10 damage)
             ... on level 6 of the Dungeon.
             The game lasted 00:01:40 (2487 turns).

Kurtz the Chopper (Octopode Fighter)                Turns: 2487, Time: 00:01:41

Health: -7/42      AC:  1    Str: 15    XL:     6   Next: 68%
Magic:  6/6        EV: 13    Int: 10    God:
Gold:   131        SH:  5    Dex: 14    Spells: 5/5 levels left

rFire   . . .        a - +0 war axe
rCold   . . .        b - +0 buckler
rNeg    . . .        (helmet restricted)
rPois   .            (no amulet)
rElec   .            (no ring)
rCorr   .            (no ring)
SInv    .            (no ring)
Will    .....        (no ring)
Stlth   ++           (no ring)
HPRegen 0.27/turn    (no ring)
MPRegen 0.10/turn    (no ring)
                     (no ring)

%: no passive effects
@: no status effects
A: almost no armour, amphibious, 8 rings, camouflage 1, gelatinous body 1,
(nimble swimmer 1), tentacles
a: no special abilities


You were on level 6 of the Dungeon.
You visited 1 branch of the dungeon, and saw 6 of its levels.

You collected 131 gold pieces.

Inventory:

Hand Weapons
 a - a +0 war axe (weapon)
Missiles
 g - 4 javelins
 k - 4 poisoned darts
 n - 5 boomerangs
Armour
 b - a +0 buckler (worn)
Jewellery
 j - a ring of wizardry
Scrolls
 e - a scroll of teleportation {unknown}
 f - 2 scrolls of fog {unknown}
 h - 5 scrolls of identify {unknown}
 i - a scroll of immolation {unknown}
 l - a scroll of noise {unknown}
 m - a scroll of enchant armour {unknown}
 o - a scroll of blinking {unknown}
Potions
 c - a potion of might
 d - 2 potions of invisibility {unknown}


   Skills:
 - Level 3.0 Fighting
 * Level 6.9 Axes
 - Level 3.0 Dodging
 - Level 3.0 Shields


You had 5 spell levels left.
You didn't know any spells.
Your spell library contained the following spells:

 Spells                   Type           Power      Damage    Failure   Level
 Magic Dart               Conj           0%         1d3       45%         1
 Call Imp                 Summ           0%         N/A       58%         2
 Mephitic Cloud           Conj/Pois/Air  0%         N/A       83%         3


Dungeon Overview and Level Annotations

Branches:
Dungeon (6/15)
 Temple: D:4-7

Altars:
Ashenzari
Elyvilon
Makhleb
Uskayaw


Innate Abilities, Weirdness & Mutations

You cannot wear most types of armour.
You are amphibious.
You can wear up to eight rings at the same time.
Your skin changes colour to match your surroundings (Stealth+).
Your rubbery body absorbs attacks. (AC +1, EV +1)
((You are camouflaged when in or above water. (Stealth+)))
You have tentacles for arms and can constrict up to eight enemies at once.


Message History

The bullfrog skeleton is severely damaged.
You constrict the bullfrog skeleton.
You block the bullfrog skeleton's attack.
The bullfrog skeleton hits you.
You slash the bullfrog skeleton!
You destroy the bullfrog skeleton!
No target in view!
No target in view!
A wyvern zombie comes into view.
A wyvern zombie is nearby!
A wyvern zombie is nearby!
The helpless wyvern zombie fails to defend itself.
You hit the wyvern zombie but do no damage.
The wyvern zombie barely misses you.
You slash the wyvern zombie! You squeeze the wyvern zombie.
The wyvern zombie is heavily damaged.
You block the wyvern zombie's attack. The wyvern zombie bites you!
You slash the wyvern zombie!
The wyvern zombie is severely damaged.
You block the wyvern zombie's attack.
You hit the wyvern zombie.
The wyvern zombie is severely damaged.
The wyvern zombie bites you! The wyvern zombie bites you.
You are too injured to fight recklessly!
You are too injured to fight recklessly!
You are too injured to fight recklessly!
You completely miss the wyvern zombie. Your squeeze misses the wyvern zombie.
The wyvern zombie is severely damaged.
You block the wyvern zombie's attack.
You barely miss the wyvern zombie.
You squeeze the wyvern zombie, but do no damage.
The wyvern zombie is severely damaged.
The wyvern zombie closely misses you. The wyvern zombie bites you!
* * * LOW HITPOINT WARNING * * *
Unknown command.
Unknown command.
You barely miss the wyvern zombie.
The wyvern zombie is severely damaged.
The wyvern zombie bites you!
You die...

#..# #..# #..# #..#
#### #..###...##
#...Z.....#
#############.##@...#
............>.......#
.......#......#...8...#
##.###.#<#.#..#.####..#
#.........#..#.. .#
#####...#.#..#### ..
.......#..# #
...######..# ...#. ....


You could see a wyvern zombie.

Vanquished Creatures
  Sigmund (D:2)
  A bullfrog skeleton (D:6)
  An iguana (D:5)
  An orc wizard (D:4)
  Terence (D:3)
  4 adders
  An ufetubus (D:4)
  A worm (D:5)
  4 orcs (D:4)
  4 ball pythons
  3 bats
  7 endoplasms
  6 goblins
  3 hobgoblins
  7 jackals
  3 quokkas
  6 kobolds
  3 rats
57 creatures vanquished.

Notes
Turn   | Place    | Note
-------+----------+-------------------------------------------
     0 | D:1      | Kurtz the Octopode Fighter began the quest for the Orb.
     0 | D:1      | Reached XP level 1. HP: 16/16 MP: 1/1
   154 | D:1      | Reached XP level 2. HP: 5/21 MP: 2/2
   280 | D:2      | Noticed Sigmund
   299 | D:2      | Killed Sigmund
   300 | D:2      | Reached skill level 5 in Axes
   300 | D:2      | Reached XP level 3. HP: 13/26 MP: 3/3
   300 | D:2      | Reached XP level 4. HP: 15/31 MP: 4/4
   300 | D:2      | Reached XP level 5. HP: 18/36 MP: 5/5
   421 | D:2      | You fall into a shaft and drop 2 floors!
   619 | D:4      | Reached skill level 6 in Axes
   659 | D:4      | Found a white marble altar of Elyvilon.
   765 | D:4      | Reached XP level 6. HP: 40/42 MP: 6/6
   772 | D:4      | Found a hide-covered altar of Uskayaw.
  1249 | D:3      | Found a burning altar of Makhleb.
  1285 | D:3      | Noticed Terence
  1294 | D:3      | Killed Terence
  1333 | D:3      | Found a broken altar of Ashenzari.
  2324 | D:5      | Entered Level 5 of the Dungeon
  2486 | D:6      | HP: 2/42 [wyvern zombie (13)]
  2487 | D:6      | Mangled by a wyvern zombie

Illustrated notes

Levels and vault maps discovered:
D:1:      doesnt_arrival_eight_statues, layout_basic, minmay_cupped
D:2:      layout_rooms, uniq_sigmund
D:3:      layout_basic, bloody_makhleb, cheibrodos_ashenzari_chains,
          uniq_terence
D:4:      layout_rooms, marbit_many_paths, nicolae_elyvilon_temple_path,
          corexii_shack, minivault_19
D:5:      layout_cave_pools, mainiacjoe_overflow_brackets, uniq_blork_the_orc
D:6:      layout_basic, minmay_temple_entry_statues_fountains, serial_undead,
          serial_undead_e, serial_undead_b, serial_undead_f, serial_undead_e,
          serial_undead_c, serial_undead_b, minmay_checkerbox

Skill      XL: |  1  2  3  4  5 |
---------------+----------------+-----
Axes           | 5 6 |  6.9
Fighting       | |  3.0
Dodging        | |  3.0
Shields        | |  3.0

Action                     |  1- 3 |  4- 6 || total
---------------------------+-------+-------++-------
  Melee: War axe           |    21 |    92 ||   113
         Constrict         |     7 |    18 ||    25
         Tentacles         |     4 |    17 ||    21
         Punch             |       |     1 ||     1
   Stab: Sleeping          |     1 |     8 ||     9
 Armour: Skin              |    13 |    41 ||    54
  Dodge: Dodged            |    16 |    37 ||    53
  Block: Buckler           |     4 |    15 ||    19

Table legend: (Time is in decaauts)
 A = Elapsed time spent in this place.
 B = Non-inter-level travel time spent in this place.
 C = Inter-level travel time spent in this place.
 D = Time resting spent in this place.
 E = Time spent auto-exploring this place.
 F = Levels seen in this place.
 G = Mean time per level.
                   A        B        C        D        E       F      G
               +--------+--------+--------+--------+--------+-----+--------+
         Total |   2518 |   2270 |    248 |    220 |   1665 |   6 |  419.7 |
       Dungeon |   2518 |   2270 |    248 |    220 |   1665 |   6 |  419.7 |
               +--------+--------+--------+--------+--------+-----+--------+

Top non-repeatable levels by time:
     D:3: 968 daAuts
     D:4: 555 daAuts
     D:2: 549 daAuts
     D:1: 278 daAuts
     D:6: 103 daAuts
     D:5: 62 daAuts
